 Dungeon Crawl Stone Soup version 0.25.1-3-ge44b62a0b3 (webtiles) character file.

Game seed: 14870061777327331544

2052 Glamhuggeren the Slicer (level 9, -1/65 HPs)
             Began as a Demonspawn Gladiator on Nov 23, 2020.
             Was a Follower of Dithmenos.
             Slain by a bullfrog (2 damage)
             ... on level 6 of the Dungeon.
             The game lasted 00:22:11 (8205 turns).

Glamhuggeren the Slicer (Demonspawn Gladiator)      Turns: 8205, Time: 00:22:14

Health: -1/65      AC:  6    Str: 16    XL:     9   Next: 4%
Magic:  9/9        EV: 13    Int: 11    God:    Dithmenos [*.....]
Gold:   315        SH:  5    Dex: 15    Spells: 8/8 levels left

rFire    + . .     SeeInvis .   a - +0 rapier
rCold    + + +     Gourm    .   (no shield)
rNeg     . . .     Faith    .   v - +2 leather armour {rF+}
rPois    .         Spirit   .   (helmet restricted)
rElec    .         Reflect  +   E - scarf {rC+ rF+}
rCorr    .         Harm     .   z - +0 pair of gloves
MR       .....                  (no boots)
Stlth    +++.......             D - amulet of reflection
HPRegen  0.20/turn              r - ring of ice
MPRegen  0.11/turn              (no ring)

@: hasted, wreathed by umbra, very quick
A: horns 2, cold resistance 1, demonic guardian 1, freezing cloud immunity
a: Renounce Religion


You were on level 6 of the Dungeon.
You worshipped Dithmenos.
Dithmenos was aware of your devotion.
You were not hungry.

You visited 2 branches of the dungeon, and saw 7 of its levels.

You collected 315 gold pieces.

Inventory:

Hand Weapons
 a - a +0 rapier (weapon)
 b - a +2 hunting sling of freezing
Missiles
 c - 14 boomerangs
 d - 3 throwing nets (quivered)
 i - 121 stones
 p - 69 sling bullets
Armour
 v - a +2 leather armour of fire resistance (worn)
 z - a +0 pair of gloves (worn)
 E - a scarf of resistance (worn)
Jewellery
 r - a ring of ice (left hand)
 D - an amulet of reflection (around neck)
Scrolls
 g - 8 scrolls of identify {unknown}
 h - 4 scrolls of teleportation {unknown}
 o - 3 scrolls of immolation {unknown}
 s - 2 scrolls of fear {unknown}
 t - a scroll of amnesia {unknown}
 y - a scroll of magic mapping {unknown}
 C - a scroll of enchant armour {unknown}
 F - a scroll of remove curse {unknown}
Potions
 e - a potion of stabbing {unknown}
 k - a potion of curing
 l - a potion of degeneration {unknown}
 m - 2 potions of invisibility {unknown}
 n - a potion of heal wounds {unknown}
 q - 3 potions of haste
 u - 3 potions of might {unknown}
 w - 2 potions of flight {unknown}
 x - a potion of brilliance {unknown}
 A - 2 potions of lignification {unknown}
 B - a potion of magic {unknown}
Comestibles
 f - 17 rations
 j - 5 chunks of flesh


   Skills:
 - Level 4.0 Fighting
 * Level 9.6 Short Blades
 - Level 2.0 Throwing
 - Level 3.0 Dodging
 + Level 4.7 Stealth


You had 8 spell levels left.
You didn't know any spells.
Your spell library contained the following spells:

 Spells                   Type           Power        Failure   Level  Hunger
 Shock                    Conj/Air       #...         41%         1    ##.....
 Swiftness                Chrm/Air       #.......     54%         2    ###....
 Static Discharge         Conj/Air       #.......     78%         3    ####...
 Airstrike                Air            #.........   99%         4    #####..
 Lightning Bolt           Conj/Air       #.........   100%        5    ######.


Dungeon Overview and Level Annotations

Branches:
Dungeon (6/15)             Temple (1/1) D:4

Altars:
Ashenzari
Cheibriados
Dithmenos
Elyvilon
Gozag
Makhleb
Nemelex Xobeh
Okawaru
Qazlal
Ru
Trog
Uskayaw
Wu Jian
Yredelemnul
Zin
The Shining One

Shops:
D:4 (


Innate Abilities, Weirdness & Mutations

You have a pair of horns on your head.
Your flesh is cold resistant. (rC+)
A weak demonic guardian rushes to your aid.
You are immune to freezing clouds.


Message History

You hit the orc priest.
The orc priest is moderately wounded.
Something barely misses you.
The orc priest hits you with a +0 flail!
Your shadow imp hits something but does no damage.
You hit something but do no damage.
You hear some strange, mumbled words.
A puff of flame appears from out of thin air!
The puff of flame hits you. You resist.
The orc priest invokes the aid of Beogh against you.
Pain shoots through your body!
* * * LOW HITPOINT WARNING * * *
It was a potion of haste.
You feel yourself speed up.
Your shadow imp closely misses something.
Something hits you but does no damage.
The orc priest invokes the aid of Beogh against you.
Pain shoots through your body!
* * * LOW HITPOINT WARNING * * *
The bullfrog hits you.
You die...

..##...
............##....#.....
.##....
#.....÷..###......#...#
.......
#...<.÷...###.....##.##
#..##.
##........###..........
##....
.#...#.)................
......
.....#.#..............
......
.#....5#o.......##....
#.....
#.###F{oo......##>...
##..##
#.....@#............. .
..#
....#...##...##..##....
<. ... ...
##.####..##..## .. ...
.. . ...#..5......##...
.... ........o..........
.....
....................
#..#..............#..
#..#.................
#..............##.


You could see a bullfrog, an orc priest, 2 orcs and a friendly shadow imp
(summoned).

Vanquished Creatures
  Grinder (D:5)
  A hungry ghost (D:2)
  3 phantoms
  An orc warrior (D:6)
  An ice beast (D:6)
  An ogre (D:6)
  A centaur (D:5)
  2 bullfrogs (D:5)
  A scorpion (D:4)
  4 crimson imps
  A centaur zombie (D:5)
  2 jellies (D:5)
  3 orc priests
  5 orc wizards
  A centaur skeleton (D:3)
  Natasha (twice) (D:3 D:2)
  An iguana (D:6)
  3 worker ants
  A hound zombie (D:5)
  12 adders
  A gnoll (D:5)
  A shadow imp (D:5)
  An ooze (D:2)
  An adder zombie (D:6)
  2 worms
  An adder skeleton (D:4)
  8 leopard geckos
  27 orcs
  9 bats
  4 giant cockroaches
  11 goblins
  9 hobgoblins
  8 jackals
  4 quokkas
  A ball python (D:1)
  A ball python skeleton (D:4)
  5 frilled lizards
  7 kobolds
  12 rats
160 creatures vanquished.

Vanquished Creatures (collateral kills)
  An ogre (D:6)
  A bullfrog (D:6)
  A jackal (D:6)
3 creatures vanquished.

Grand Total: 163 creatures vanquished

Notes
Turn   | Place    | Note
-------+----------+-------------------------------------------
     0 | D:1      | Glamhuggeren the Demonspawn Gladiator began the quest for
                  | the Orb.
     0 | D:1      | Reached XP level 1. HP: 16/16 MP: 1/1
   418 | D:1      | Gained mutation: You have a pair of small horns on your
                  | head. [demonic ancestry]
   418 | D:1      | Reached XP level 2. HP: 20/22 MP: 2/2
   610 | D:1      | Reached skill level 3 in Short Blades
   988 | D:1      | You fall into a shaft and drop 1 floor!
  1020 | D:2      | Found an ornate altar of the Wu Jian Council.
  1026 | D:2      | Gained mutation: Your flesh is cold resistant. (rC+)
                  | [demonic ancestry]
  1026 | D:2      | Reached XP level 3. HP: 17/28 MP: 3/3
  2088 | D:2      | Reached XP level 4. HP: 34/34 MP: 4/4
  2656 | D:2      | Reached skill level 4 in Short Blades
  2673 | D:3      | Noticed a hungry ghost
  2806 | D:2      | Killed a hungry ghost
  2806 | D:2      | Reached XP level 5. HP: 31/41 MP: 5/5
  2822 | D:3      | Reached skill level 5 in Short Blades
  2837 | D:2      | Gained mutation: You are immune to freezing clouds.
                  | [demonic ancestry]
  2837 | D:2      | Reached XP level 6. HP: 18/48 MP: 6/6
  3033 | D:3      | Noticed Natasha
  3041 | D:3      | Killed Natasha
  3129 | D:3      | Noticed Natasha
  3312 | D:2      | Killed Natasha
  4477 | D:3      | Reached skill level 6 in Short Blades
  4738 | D:4      | Gained mutation: You have a pair of horns on your head.
                  | [demonic ancestry]
  4738 | D:4      | Reached XP level 7. HP: 25/54 MP: 7/7
  4994 | D:4      | Found Maocaty's Antique Weapon Emporium.
  5119 | D:4      | Reached skill level 7 in Short Blades
  5237 | D:4      | Found a staircase to the Ecumenical Temple.
  5243 | Temple   | Entered the Ecumenical Temple
  5431 | Temple   | Became a worshipper of Dithmenos the Shadowed
  5867 | D:5      | Entered Level 5 of the Dungeon
  5995 | D:5      | Noticed Grinder
  5998 | D:5      | Reached skill level 1 in Stealth
  6014 | D:5      | Killed Grinder
  6028 | D:5      | Gained mutation: A weak demonic guardian rushes to your
                  | aid. [demonic ancestry]
  6028 | D:5      | Reached XP level 8. HP: 41/60 MP: 8/8
  6178 | D:5      | Reached skill level 8 in Short Blades
  6180 | D:5      | Found an iron altar of Okawaru.
  7178 | D:5      | Found a glowing silver altar of Zin.
  7664 | D:5      | Reached skill level 9 in Short Blades
  7681 | D:5      | Reached * piety under Dithmenos
  7794 | D:5      | Found a snail-covered altar of Cheibriados.
  8180 | D:6      | Reached XP level 9. HP: 65/65 MP: 9/9
  8205 | D:6      | HP: 1/65 [orc priest/nerve-wracking pain (11)]
  8205 | D:6      | Slain by a bullfrog

Illustrated notes

Levels and vault maps discovered:
D:1:      psy_arrival_fountain, layout_basic, due_unseen_surprise
D:2:      layout_basic, old_standard_altar, serial_bayou_crossing
D:3:      layout_rooms, first_ration, minmay_pentomino_pile, uniq_natasha
D:4:      layout_loops_ring, minmay_temple_entry_purple_smoke, serial_shops,
          shop
D:5:      cheibrodos_barr_body, layout_basic, nicolae_overflow_hidden_temple,
          old_standard_altar, lemuel_coloured_pillars_altar, uniq_grinder
D:6:      layout_cave_pools, grunt_decor_resistance
Temple:   minmay_temple_bridge_abc

Skill      XL: |  1  2  3  4  5  6  7  8 |
---------------+-------------------------+-----
Short Blades   | 3 4 5 6 7 9 |  9.6
Throwing       | 2 |  2.0
Dodging        | 3 |  3.0
Fighting       | 3 4 |  4.0
Stealth        | 2 4 |  4.7

Action                   |  1- 3 |  4- 6 |  7- 9 || total
-------------------------+-------+-------+-------++-------
Melee: Rapier            |   127 |   250 |   269 ||   646
       Headbutt          |    14 |    43 |    62 ||   119
Throw: Throwing net      |       |       |     2 ||     2
  Use: Potion            |       |       |     1 ||     1
 Stab: Sleeping          |       |       |     4 ||     4
       Distracted        |       |       |     2 ||     2
       Held in net/web   |       |       |     2 ||     2
  Eat: Chunk             |     4 |     9 |    12 ||    25
       Ration            |       |     1 |       ||     1
Armor: Leather armour    |    35 |    66 |    60 ||   161
Dodge: Dodged            |    97 |   165 |   144 ||   406
Block: Other             |       |       |     1 ||     1
